Map: [ESL] Goldenaura

Players

Serral - Winner!

  • Race: Zerg Zerg
  • Spawn Location: 5:00

Dark

  • Race: Zerg Zerg
  • Spawn Location: 12:00

Event: IEM Katowice 2024

VOD

Have the link to the VOD?

Description

Time

  • Played on: Feb. 11, 2024, 10:18 a.m.
  • Length: 15:02

All games in this series

Show
View Real Time Build Order
Export as new Build Order

Serral Zerg - Winner!

Build Orders: Hatch First 

Get SALT Encoding   

  12  0:00  Drone  
  13  0:11  Overlord  
  13  0:16  Drone  
  14  0:30  Drone x2  
  16  0:48  Hatchery  
  15  0:51  Drone  
  15  0:54  Drone  
  17  0:59  Drone  
  18  1:08  Extractor  
  17  1:14  Spawning Pool  
  17  1:16  Drone  
  17  1:20  Drone  
  18  1:27  Drone  
  19  1:38  Drone  
  20  1:49  Drone  
  21  2:00  Queen x2  
  25  2:01  Zergling x2, Overlord  
  25  2:08  Metabolic Boost  
  26  2:10  Drone  
  26  2:12  Drone  
  28  2:23  Drone x2  
  30  2:33  Hatchery  
  30  2:36  Drone  
  30  2:39  Drone  
  30  2:43  Drone  
  32  2:46  Baneling Nest  
  32  2:50  Overlord  
  31  2:54  Drone  
  31  2:57  Drone  
  33  3:04  Zergling x2  
  33  3:05  Zergling x2  
  35  3:08  Drone  
  35  3:09  Drone  
  35  3:10  Drone  
  35  3:11  Zergling x4  
  40  3:14  Overlord  
  40  3:18  Drone  
  41  3:23  Queen  
  43  3:29  Overlord  
  43  3:31  Drone  
  44  3:36  Roach Warren  
  44  3:37  Baneling  
  44  3:38  Drone  
  43  3:41  Drone x2  
  43  3:43  Drone  
  43  3:45  Drone  
  43  3:47  Drone  
  48  3:49  Drone  
  48  3:52  Drone  
  48  3:53  Drone  
  51  3:56  Overlord  
  51  3:58  Drone  
  51  4:02  Drone  
  53  4:03  Drone  
  54  4:17  Roach x4  
  54  4:18  Roach  
  54  4:19  Roach, Evolution Chamber  
  64  4:25  Extractor  
  64  4:28  Overlord  
  64  4:29  Drone x4  
  67  4:35  Drone x3  
  67  4:36  Lair  
  70  4:43  Drone x3  
  73  4:49  Drone, Extractor  
  73  4:51  Zergling x2, Overlord  
  73  4:52  Drone x2  
  76  4:53  Drone  
  76  4:54  Overlord  
  76  4:57  Extractor  
  76  5:00  Overlord  
  76  5:03  Roach x2  
  76  5:06  Extractor, Roach  
  81  5:09  Spine Crawler  
  81  5:10  Roach x2  
  81  5:13  Overlord  
  84  5:15  Drone x2  
  84  5:16  Drone x2  
  84  5:19  Zerg Missile Weapons Level 1  
  89  5:22  Drone x2, Overlord  
  89  5:25  Drone  
  89  5:26  Extractor  
  91  5:28  Drone x3  
  91  5:31  Pneumatized Carapace  
  93  5:36  Overseer  
  93  5:38  Drone  
  93  5:39  Drone x4  
  93  5:40  Glial Reconstitution  
  93  5:41  Overlord  
  98  5:50  Roach x4  
  98  5:55  Drone  
  107  6:00  Overseer  
  107  6:01  Hatchery  
  107  6:02  Overlord  
  106  6:07  Roach x3  
  106  6:11  Hydralisk Den  
  111  6:14  Overlord  
  111  6:15  Roach x3  
  117  6:19  Overlord  
  117  6:23  Roach  
  117  6:24  Roach x4  
  128  6:29  Overlord  
  128  6:31  Overlord  
  128  6:35  Roach x4  
  136  6:42  Ravager  
  136  6:43  Ravager x3  
  136  6:46  Roach x5  
  150  6:48  Overlord  
  150  6:51  Roach  
  150  6:52  Roach  
  154  7:00  Roach x5  
  164  7:10  Roach x2  
  149  7:16  Roach x4  
  149  7:18  Roach  
  149  7:19  Roach x2  
  147  7:25  Roach x4  
  130  7:31  Zerg Missile Weapons Level 2, Queen  
  130  7:32  Roach  
  130  7:33  Roach  
  130  7:35  Roach x2  
  123  7:38  Roach x2  
  123  7:41  Roach  
  118  7:44  Ravager  
  118  7:45  Roach x2  
  123  7:51  Roach x4  
  123  7:56  Roach x2  
  135  8:01  Roach x3  
  141  8:07  Overlord  
  141  8:12  Overlord  
  141  8:15  Roach x5  
  141  8:19  Burrow, Tunneling Claws  
  151  8:24  Drone x5  
  156  8:27  Extractor  
  156  8:29  Queen  
  156  8:30  Overlord  
  156  8:32  Overseer  
  157  8:35  Roach x2  
  157  8:38  Ravager x2  
  163  8:42  Roach x3  
  169  8:48  Drone  
  169  8:50  Roach x3  
  169  8:51  Roach x2  
  180  8:58  Roach x5  
  190  9:03  Ravager x2  
  190  9:09  Roach x4  
  200  9:26  Infestation Pit  
  200  9:27  Roach x3  
  200  9:28  Roach  
  200  9:31  Roach x2  
  193  9:43  Roach x3  
  193  9:45  Roach x5  
  199  9:47  Zerg Ground Armor Level 1  
  199  9:51  Roach x3  
  189  9:53  Roach x5  
  189  9:58  Roach x14  
  190  10:01  Roach x4  
  192  10:18  Extractor, Roach x4  
  192  10:19  Hive, Hatchery  
  186  10:21  Roach x6  
  186  10:23  Hydralisk Den  
  197  10:29  Ravager  
  197  10:34  Ravager x2  
  200  10:44  Drone x2, Spine Crawler x2  
  200  11:01  Evolution Chamber  
  200  11:02  Overlord  
  200  11:04  Drone x5  
  200  11:07  Roach x3  
  198  11:22  Roach  
  198  11:25  Roach x2  
  200  11:26  Roach x2  
  200  11:34  Roach  
  192  11:42  Roach x4  
  200  11:51  Roach  
  200  11:54  Roach Warren  
  189  12:10  Roach Warren  
  189  12:13  Roach  
  189  12:14  Roach  
  189  12:15  Roach, Queen  
  168  12:19  Hatchery  
  168  12:20  Hatchery x2  
  168  12:21  Roach x15  
  177  12:26  Hydralisk  
  177  12:27  Hydralisk x12  
  184  12:34  Roach  
  184  12:36  Roach x6  
  170  12:47  Roach x2  
  174  12:56  Roach x50  
  162  12:58  Roach x3  
  162  13:01  Roach  
  162  13:05  Roach x3  
  154  13:21  Roach x2  
  156  13:32  Ravager x3  
  155  13:39  Roach x7  
  153  13:45  Roach x3  
  153  14:01  Roach x3  
  153  14:02  Drone x4  
  157  14:15  Roach x41  
  149  14:31  Drone x5  
  152  14:36  Roach x14  
Show
View Real Time Build Order
Export as new Build Order

Dark Zerg 

Build Orders: Hatch First, Swarm Host 

Get SALT Encoding   

  12  0:00  Drone  
  13  0:12  Overlord  
  13  0:16  Drone  
  14  0:31  Drone x2  
  16  0:48  Hatchery  
  15  0:51  Drone  
  15  0:55  Drone  
  17  0:58  Drone  
  18  1:09  Extractor  
  17  1:14  Spawning Pool  
  17  1:17  Drone  
  17  1:20  Drone  
  18  1:28  Drone  
  19  1:38  Drone  
  20  1:49  Drone  
  21  2:00  Queen x2  
  25  2:01  Drone  
  25  2:02  Overlord  
  26  2:11  Drone x2  
  26  2:12  Metabolic Boost  
  28  2:21  Drone  
  28  2:22  Drone  
  30  2:32  Zergling x2  
  30  2:35  Hatchery  
  30  2:39  Zergling x2  
  31  2:45  Queen  
  31  2:51  Baneling Nest  
  32  2:54  Overlord  
  32  2:59  Drone x2  
  32  3:02  Drone  
  32  3:04  Drone  
  36  3:12  Drone x3  
  39  3:17  Overlord  
  39  3:19  Zergling x2  
  40  3:21  Zergling x2  
  40  3:24  Drone  
  42  3:28  Drone  
  42  3:29  Drone  
  44  3:37  Drone  
  44  3:38  Drone  
  46  3:42  Drone x4  
  46  3:43  Drone x2  
  52  3:50  Roach Warren  
  52  3:52  Drone  
  52  3:55  Baneling  
  52  3:59  Zergling x4  
  52  4:01  Overlord  
  55  4:02  Drone  
  55  4:04  Drone  
  56  4:15  Extractor  
  56  4:17  Extractor, Drone x4  
  54  4:18  Evolution Chamber  
  54  4:19  Drone, Overlord  
  54  4:21  Drone x4  
  62  4:30  Drone, Lair  
  62  4:31  Drone x2  
  65  4:38  Overlord  
  64  4:39  Roach x4  
  64  4:44  Drone, Zerg Missile Weapons Level 1  
  64  4:45  Overlord  
  73  4:49  Overlord  
  73  4:53  Spine Crawler  
  73  4:55  Overlord  
  73  4:56  Extractor  
  73  4:57  Roach  
  73  4:58  Extractor, Drone, Roach  
  75  5:01  Drone  
  75  5:02  Drone x3  
  80  5:08  Drone  
  80  5:09  Drone x2  
  80  5:10  Drone x2  
  85  5:18  Roach  
  85  5:19  Roach x2  
  85  5:21  Roach x2  
  95  5:27  Extractor  
  94  5:34  Overlord x2  
  94  5:35  Overlord x2  
  94  5:39  Glial Reconstitution  
  94  5:42  Roach x4  
  104  5:43  Roach x2  
  104  5:49  Overlord x2  
  106  5:50  Overlord  
  106  5:53  Roach  
  108  5:59  Roach  
  108  6:01  Roach x2, Hatchery  
  113  6:07  Roach x2  
  113  6:09  Roach x2  
  113  6:10  Roach  
  113  6:11  Roach  
  125  6:13  Roach  
  125  6:17  Roach  
  125  6:18  Roach x2  
  133  6:19  Roach  
  133  6:22  Overlord  
  133  6:23  Roach  
  136  6:26  Roach x2  
  140  6:34  Roach  
  140  6:36  Roach x4  
  140  6:38  Ravager x2  
  152  6:43  Roach x3  
  162  6:47  Roach x2  
  162  6:48  Roach  
  164  6:57  Roach  
  164  6:58  Roach  
  158  7:16  Roach  
  158  7:17  Roach x2  
  158  7:18  Roach x2  
  158  7:22  Roach  
  142  7:23  Roach  
  142  7:24  Roach x2  
  142  7:26  Roach x3  
  142  7:28  Roach x3  
  136  7:31  Roach x2  
  136  7:35  Roach x7  
  142  7:39  Roach  
  142  7:40  Roach  
  142  7:41  Roach  
  142  7:42  Roach  
  138  7:45  Drone x3  
  138  7:49  Drone  
  140  7:55  Drone  
  140  7:56  Queen  
  140  7:58  Overlord  
  143  7:59  Drone  
  143  8:01  Drone  
  143  8:03  Evolution Chamber  
  144  8:06  Drone x2  
  144  8:11  Extractor, Roach x5  
  155  8:18  Roach x4  
  155  8:19  Roach  
  165  8:20  Roach x3  
  165  8:21  Ravager  
  165  8:23  Ravager  
  165  8:26  Roach  
  171  8:28  Roach  
  171  8:31  Roach  
  171  8:32  Roach  
  177  8:35  Zerg Missile Weapons Level 2  
  177  8:38  Overlord x2  
  177  8:39  Zerg Ground Armor Level 1  
  177  8:40  Roach  
  179  8:44  Overlord x2  
  179  8:47  Ravager  
  180  8:50  Overlord  
  180  8:51  Overlord  
  180  8:54  Pneumatized Carapace  
  180  8:58  Ravager x2  
  180  9:01  Roach x2  
  186  9:03  Roach x2  
  186  9:09  Roach x3  
  196  9:15  Roach x2  
  196  9:16  Overseer  
  200  9:21  Overlord  
  200  9:26  Extractor  
  199  9:35  Roach  
  199  9:36  Roach x2  
  200  9:45  Overseer, Roach  
  196  9:46  Roach x2  
  196  9:52  Roach  
  198  9:54  Roach  
  198  9:55  Roach x7  
  198  9:58  Roach x4  
  198  9:59  Roach x4  
  188  10:00  Roach  
  188  10:01  Roach  
  188  10:05  Roach  
  190  10:07  Ravager  
  190  10:08  Ravager  
  190  10:09  Roach x3  
  196  10:14  Ravager  
  196  10:15  Ravager  
  196  10:16  Ravager  
  196  10:18  Spore Crawler  
  196  10:20  Ravager  
  199  10:25  Infestation Pit  
  198  10:29  Roach  
  200  10:40  Zerg Ground Armor Level 2  
  200  10:43  Overlord  
  200  11:00  Roach x2  
  200  11:05  Hive  
  197  11:12  Roach  
  196  11:22  Roach  
  196  11:27  Spine Crawler  
  196  11:31  Roach x2  
  195  11:37  Roach x5  
  197  11:45  Roach  
  199  11:50  Roach x2  
  199  11:52  Roach x4  
  188  11:56  Roach x3  
  188  11:57  Roach  
  188  11:59  Roach x3  
  171  12:20  Extractor x2  
  150  12:32  Swarm Host, Hatchery  
  150  12:33  Swarm Host x6  
  120  13:35  Drone  
  113  13:47  Drone x2  
  101  13:59  Drone  
  101  14:00  Drone x2  
  95  14:17  Drone x3  
  88  14:25  Roach Warren  
  84  14:44  Drone x2  
  84  14:46  Spire  

Tags
 
Add a new tag
Caveats
  • Supply blocks, unpowered buildings, or Contaminate may cause inaccurate times.
  • Supply counts are checked every 10 seconds.